 Dungeon Crawl Stone Soup version 0.30.1-9-gdf580d7c3d (webtiles) character file.

Game seed: 4333374101884018425

325 lonewolfV2 the Shield-Bearer (level 6, -1/48 HPs)
             Began as a Formicid Fighter on Oct 9, 2023.
             Slain by a gnoll
             ... wielding a +0 halberd
             ... led by a gnoll bouda
              (9 damage)
             ... on level 3 of the Dungeon.
             The game lasted 00:02:46 (2475 turns).

lonewolfV2 the Shield-Bearer (Formicid Fighter)     Turns: 2475, Time: 00:02:47

Health: -1/48      AC:  7    Str: 23    XL:     6   Next: 78%
Magic:  6/6        EV:  9    Int:  7    God:
Gold:   144        SH:  5    Dex: 13    Spells: 5/5 levels left

rFire   . . .        a - +1 war axe
rCold   . . .        c - +0 buckler
rNeg    . . .        b - +0 scale mail
rPois   .            (helmet unavailable)
rElec   .            (no cloak)
rCorr   .            (no gloves)
SInv    +            (no boots)
Will    .....        (no amulet) Stlth
                     (no ring)
HPRegen 0.28/turn    (no ring)
MPRegen 0.10/turn

%: no passive effects
@: no status effects
A: permanent stasis, dig shafts and tunnels, antennae 3, four strong arms
a: Dig, Shaft Self


You were on level 3 of the Dungeon.
You visited 1 branch of the dungeon, and saw 3 of its levels.

You collected 144 gold pieces.

Inventory:

Hand Weapons
 a - a +1 war axe (weapon)
Armour
 b - a +0 scale mail (worn)
 c - a +0 buckler (worn)
Wands
 f - a wand of mindburst (5)
 h - a wand of acid (5)
Scrolls
 d - 2 scrolls of blinking
Potions
 e - a potion of haste
 i - a potion of magic
 j - a potion of cancellation
 k - a potion of degeneration {unknown}


   Skills:
 + Level 4.0 Fighting
 + Level 4.6 Axes
 + Level 4.6 Armour
 + Level 0.7 Dodging
 + Level 0.7 Stealth
 + Level 5.3 Shields


You had 5 spell levels left.
You didn't know any spells.
Your spell library was empty.

Dungeon Overview and Level Annotations

Branches:
Dungeon (3/15)

Altars:


Innate Abilities, Weirdness & Mutations

You cannot be hasted, slowed, berserked, paralysed or teleported.
You can dig through walls and to a lower floor.
You have a pair of large antennae on your head. (SInv)
Your four strong arms can wield two-handed weapons with a shield.


Message History

The rat barely misses you.
You closely miss the rat. The rat bites you but does no damage.
You hit the rat.
You kill the rat!
The gnoll bouda barks out a call to the hunt!
The gnolls pick up the pace!
The gnoll hits you but does no damage.
The gnoll hits you from afar with a +0 spear.
You block the gnoll's attack.
You see here a rat corpse.
You barely miss the gnoll. The gnoll closely misses you.
The gnoll hits you from afar with a +0 spear.
You slash the gnoll!
You kill the gnoll!
The gnoll hits you but does no damage. The gnoll hits you with a +0 spear.
The gnoll hits you but does no damage.
Things that are here:
a +0 club; a gnoll corpse; a rat corpse You closely miss the gnoll.
The gnoll barely misses you.
The gnoll hits you from afar with a +0 halberd.
The gnoll barely misses you.
You slash the gnoll!
You kill the gnoll!
You hit the gnoll. The gnoll hits you but does no damage.
The gnoll hits you with a +0 club.
The gnoll hits you from afar with a +0 halberd!
* * * LOW HITPOINT WARNING * * *
You hit the gnoll bouda.
The gnoll bouda is lightly wounded.
You slash the gnoll! The gnoll hits you with a +0 club.
* * * LOW HITPOINT WARNING * * *
The gnoll bouda hits you but does no damage.
The gnoll hits you but does no damage.
You closely miss the gnoll.
The gnoll is severely wounded.
You closely miss the gnoll bouda. The gnoll hits you with a +0 club.
* * * LOW HITPOINT WARNING * * *
You block the gnoll bouda's attack.
The gnoll hits you from afar with a +0 halberd!
You die...

#...# ... [...#. ...
# .g. .##.# #.# #g.
{...#### ....#..
#..... #.... #...#
#.g###...###.###
#.gg@g..>......[
#......###...###.###
#.#.#.####...###<#
.< #............# #
#######...#### #...#
#...# ... .. #...#
##.##.#
.####...#####...#.#


You could see a gnoll bouda and 3 gnolls.

Vanquished Creatures
  Sigmund (D:2)
  Ijyb (D:3)
  Terence (D:2)
  Robin (D:3)
  3 gnolls
  2 adders (D:2)
  3 worms
  2 ball pythons
  4 endoplasms
  2 giant cockroaches
  4 hobgoblins
  4 kobolds
  2 quokkas (D:1)
  2 bats (D:3)
  2 frilled lizards
  12 goblins
  A rat (D:3)
47 creatures vanquished.

Notes
Turn   | Place    | Note
-------+----------+-------------------------------------------
     0 | D:1      | lonewolfV2 the Formicid Fighter began the quest for the
                  | Orb.
     0 | D:1      | Reached XP level 1. HP: 18/18 MP: 1/1
   264 | D:1      | Reached XP level 2. HP: 24/24 MP: 2/2
   683 | D:2      | Reached XP level 3. HP: 29/29 MP: 3/3
   829 | D:2      | Noticed Sigmund
   847 | D:2      | Killed Sigmund
   848 | D:2      | Reached XP level 4. HP: 9/37 MP: 4/4
   848 | D:2      | Reached XP level 5. HP: 10/42 MP: 5/5
   848 | D:2      | Reached XP level 6. HP: 12/48 MP: 6/6
  1331 | D:2      | Noticed Terence
  1350 | D:2      | Killed Terence
  1351 | D:2      | Reached skill level 5 in Shields
  2103 | D:3      | Noticed Robin
  2124 | D:3      | Killed Robin
  2136 | D:3      | Noticed Ijyb
  2144 | D:3      | HP: 2/47 [endoplasm (3)]
  2150 | D:3      | Killed Ijyb
  2475 | D:3      | Slain by a gnoll

Illustrated notes

Levels and vault maps discovered:
D:1:      saegor_arrival_simple_a, layout_basic
D:2:      layout_rooms, uniq_sigmund, uniq_terence
D:3:      layout_loops_cross, lemuel_crystal_altar, uniq_robin, uniq_grinder,
          uniq_jessica, uniq_ijyb

Skill      XL: |  1  2  3  4  5  6 |
---------------+-------------------+-----
Axes           | 3 4 |  4.6
Armour         | 4 |  4.6
Shields        | 5 |  5.3
Fighting       | 4 |  4.0
Dodging        | |  0.7
Stealth        | |  0.7

Action                     |  1- 3 |  4- 6 || total
---------------------------+-------+-------++-------
  Melee: War axe           |    51 |    82 ||   133
  Evoke: Wand              |       |     1 ||     1
    Use: Scroll            |     2 |     5 ||     7
         Potion            |     2 |     1 ||     3
 Armour: Scale mail        |    16 |    37 ||    53
  Dodge: Dodged            |    19 |    48 ||    67
  Block: Buckler           |    11 |    40 ||    51
